 Dungeon Crawl Stone Soup version 0.31-a0-1496-g79c7dd0eeb (webtiles) character file.

Game seed: 4361604772284613111

51193 Flugkiller the Fighter (level 14, -11/157 HPs)
             Began as an Oni Chaos Knight on Dec 29, 2023.
             Was a Plaything of Xom.
             Mangled by a centaur warrior simulacrum (43 damage)
             ... on level 12 of the Dungeon.
             The game lasted 00:22:59 (21788 turns).

Flugkiller the Fighter (Oni Chaos Knight)          Turns: 21788, Time: 00:22:59

Health: -11/157    AC: 10    Str: 20      XL:     14   Next: 58%
Magic:  22/22      EV: 18    Int: 14      God:    Xom [......]
Gold:   1141       SH:  0    Dex: 11 (12) Spells: 18/23 levels left

rFire   + + .        x - +7 giant club (spect)
rCold   x . .        (shield currently unavailable)
rNeg    . . .        i - +4 fire dragon scales
rPois   .            (helmet currently unavailable)
rElec   .            (cloak currently unavailable)
rCorr   .            (gloves unavailable)
SInv    .            (boots unavailable)
Will    +....        (no amulet) Stlth
                     I - +5 ring of evasion
HPRegen 0.46/turn    v - +5 ring of evasion
MPRegen 0.18/turn

%: random rage (3%)
@: beast-form, unable to drink
A: beast (slay +4), large, unfitting armour, horns 1, tough skin 1, double
potion healing, drunken brawling, agile 1, berserk 1, deformed body,
deterioration 1, screaming 1, inability to drink after injury 1
a: Begin Untransformation, Renounce Religion


You were on level 12 of the Dungeon.
You worshipped Xom.
You were a very special plaything of Xom.
You were a hulking beast.
You visited 2 branches of the dungeon, and saw 17 of its levels.
You also visited: Bailey.

You collected 1405 gold pieces.
You spent 264 gold pieces at shops.

Inventory:

Hand Weapons
 x - a +7 spectral giant club (weapon)
   (You found it on level 9 of the Dungeon)
Missiles
 C - a throwing net
 J - 5 curare-tipped darts
Armour
 a - a +2 robe
 i - +4 fire dragon scales (worn)
   (You found it on level 8 of the Dungeon)
 o - the +4 kite shield of Narrow Brilliance {rN+ rCorr Str+4 Int-3}
   (You found it in a bailey)

   Str+4:     It affects your strength (+4).
   Int-3:     It affects your intelligence (-3).
   rN+:       It protects you from negative energy.
   rCorr:     It protects you from acid and corrosion.
 s - a scarf of shadows
   (You found it on level 9 of the Dungeon)
 y - the +2 kite shield of Disotroh {Fly rC++}
   (Xom gifted it to you on level 8 of the Dungeon)

   rC++:      It greatly protects you from cold.
   Fly:       It grants you flight.
 G - +0 steam dragon scales
   (You found it on level 9 of the Dungeon)
Jewellery
 b - a ring of wizardry
   (You found it on level 1 of the Lair of Beasts)
 c - a ring of protection from cold
   (You found it on level 5 of the Lair of Beasts)
 f - a ring of resist corrosion
   (You found it on level 2 of the Dungeon)
 j - a ring of positive energy
   (You found it on level 5 of the Lair of Beasts)
 p - a ring of protection from cold
   (Xom gifted it to you on level 10 of the Dungeon)
 v - a +5 ring of evasion (right hand)
   (You found it on level 11 of the Dungeon)
 H - a ring of ice
   (You took it off Fannar on level 11 of the Dungeon)
 I - a +5 ring of evasion (left hand)
   (You found it on level 2 of the Lair of Beasts)
 Q - a +4 ring of protection
   (You found it on level 5 of the Lair of Beasts)
Talismans
 e - a beast talisman (active)
   (You found it on level 2 of the Dungeon)
Wands
 g - a wand of charming (20)
   (Xom gifted it to you on level 5 of the Dungeon)
 m - a wand of polymorph (8)
   (You took it off Ijyb on level 3 of the Dungeon)
 u - a wand of roots (5)
   (You found it on level 9 of the Dungeon)
 B - a wand of digging (4)
   (Xom gifted it to you on level 10 of the Dungeon)
 F - a wand of flame (11)
   (You took it off a centaur on level 10 of the Dungeon)
Scrolls
 k - 5 scrolls of fog
 r - 2 scrolls of fear
 t - 6 scrolls of teleportation
 z - 4 scrolls of blinking
 D - a scroll of vulnerability
 E - a scroll of acquirement {unknown}
 K - a scroll of torment {unknown}
 M - 2 scrolls of revelation
 N - a scroll of immolation
 O - a scroll of brand weapon
Potions
 h - 3 potions of haste
 n - a potion of berserk rage
 q - a potion of curing
 w - 2 potions of heal wounds
 A - 2 potions of invisibility
 P - a potion of cancellation
Miscellaneous
 d - a condenser vane
   (You found it in a bailey)
 l - a phial of floods
   (You found it on level 5 of the Lair of Beasts)


   Skills:
 - Level 14.7 Fighting
 - Level 11.0 Maces & Flails
 + Level 3.6 Armour
 - Level 2.2 Dodging
 - Level 8.9 Unarmed Combat
 - Level 5.4 Spellcasting
 - Level 10.0 Conjurations
 - Level 10.0 Alchemy
 - Level 7.0 Shapeshifting


You had 18 spell levels left.
You knew the following spells:

 Your Spells              Type           Power      Damage    Failure   Level
i - Irradiate             Conj/Alch      15%        3d16      26%         5

Your spell library contained the following spells:

 Spells                   Type           Power      Damage    Failure   Level
 Olgreb's Toxic Radiance  Alch           31%        N/A       10%         4
 Alistair's Intoxication  Alch           20%        N/A       26%         5
 Apportation              Tloc           6%         N/A       50%         1
 Slow                     Hex            12%        N/A       50%         1
 Flame Wave               Conj/Fire      17%        2d7       58%         4
 Sticky Flame             Fire/Alch      17%        2d5       58%         4
 Jinxbite                 Hex            6%         N/A       65%         2
 Confusing Touch          Hex            3%         N/A       86%         3
 Inner Flame              Hex/Fire       3%         N/A       86%         3
 Sigil of Binding         Hex            3%         N/A       86%         3
 Vampiric Draining        Necr           3%         2d6       86%         3
 Summon Blazeheart Golem  Fire/Summ      3%         N/A       99%         4
 Orb of Destruction       Conj           15%        9d7       100%        7
 Ozocubu's Refrigeration  Ice            1%         4d7       100%        7
 Spellforged Servitor     Conj/Summ      8%         N/A       100%        7
 Discord                  Hex            1%         N/A       100%        8
 Ignition                 Fire           1%         3d3       100%        8


Dungeon Overview and Level Annotations

Branches:
Dungeon (12/15) Zot: 26982  Temple (0/1) D:5            Lair (5/5) D:10 Zot: 22493
  Swamp (0/4) Lair:3        Snake (0/4) Lair:3        Slime (0/5) Lair:4
    Orc (0/2) D:12         Bailey (visited)

Altars:
Ashenzari
Cheibriados
Dithmenos
Elyvilon
Gozag
Hepliaklqana
Kikubaaqudgha
Makhleb
Nemelex Xobeh
Qazlal
Ru
Trog
Wu Jian
Xom
Zin
The Shining One
Jiyva
Lugonu

Shops:
D:2 :   D:8 ?(   D:10 (

Portals:
Abyss: Lair:5

Annotations:
D:8 1 runed translucent door, Vorhees's ghost, novice OnGl


Innate Abilities, Weirdness & Mutations

You are a hulking beast.
Your limbs bulge with bestial killing power. (Slay +4)
You are too large for most types of armour.
You have a pair of small horns on your head.
You have tough skin. (AC +1)
You gain doubled healing and magic from potions.
Whenever you drink a healing potion, you attack all around you.
You are agile. (Dex +4, Str/Int -1)
You sometimes lose your temper in combat.
Armour fits poorly on your strangely shaped body.
Your body sometimes deteriorates upon taking damage.
You occasionally shout uncontrollably at your foes.
You occasionally lose the ability to drink potions when taking damage.


Message History

The water elemental hits you!
Your body deteriorates!
You feel dopey.
You barely miss the water elemental.
Your lungs strain for air!
The vampire mosquito misses you. x2; The water elemental hits you!
You bludgeon the manticore!!
The manticore is heavily wounded.
Your +7 spectral giant club hits the manticore!!
Your lungs strain for air!
The vampire mosquito bites you.
The vampire mosquito draws strength from your injuries!
The vampire mosquito bites you.
You feel threatened and lose the ability to drink potions!
The vampire mosquito draws strength from your injuries!
The water elemental closely misses you.
The ufetubus hits your +7 spectral giant club but does no damage.
The ufetubus hits your +7 spectral giant club.
Your spectral weapon shares its damage with you!
The vampire mosquito closely misses you.
You are too injured to fight recklessly!
You are too injured to fight recklessly!
You bludgeon the manticore!!
You kill the manticore!
Your +7 spectral giant club disappears.
Your lungs strain for air!
The vampire mosquito completely misses you.
The water elemental closely misses you. The ufetubus closely misses you.
The ufetubus misses you.
You feel your intelligence returning.
You closely miss the ufetubus.
Your +7 spectral giant club hits the ufetubus!
You kill the ufetubus!
Your lungs strain for air!
The vampire mosquito barely misses you.
The vampire mosquito completely misses you.
The water elemental hits you!
A centaur warrior simulacrum comes into view.
The vampire mosquito closely misses you.
You miss the vampire mosquito.
Your +7 spectral giant club hits the vampire mosquito.
Your lungs strain for air!
The vampire mosquito bites you.
The vampire mosquito draws strength from your injuries!
The water elemental completely misses you.
The vampire mosquito bites you but does no damage.
Unknown command.
You closely miss the vampire mosquito.
Your headbutt misses the vampire mosquito.
The vampire mosquito is lightly damaged.
Your +7 spectral giant club hits the vampire mosquito!
Your lungs strain for air!
The vampire mosquito misses you. The water elemental hits you.
The vampire mosquito barely misses you.
Unknown command.
You barely miss the vampire mosquito. You headbutt the vampire mosquito.
The vampire mosquito is almost destroyed.
Your +7 spectral giant club misses the vampire mosquito.
* * * LOW HITPOINT WARNING * * *
Your lungs strain for air!
The vampire mosquito completely misses you.
The water elemental hits you.
The centaur warrior simulacrum closely misses you.
The centaur warrior simulacrum kicks you but does no damage.
The vampire mosquito bites you but does no damage.
The water elemental misses you.
Unknown command.
You miss the vampire mosquito.
Your headbutt misses the vampire mosquito.
The vampire mosquito is almost destroyed.
Your +7 spectral giant club closely misses the vampire mosquito.
* * * LOW HITPOINT WARNING * * *
Your lungs strain for air!
The vampire mosquito closely misses you.
The centaur warrior simulacrum hits you but does no damage.
The centaur warrior simulacrum completely misses you.
The vampire mosquito bites you but does no damage.
The water elemental barely misses you.
The centaur warrior simulacrum closely misses you.
The centaur warrior simulacrum kicks you but does no damage.
Unknown command.
You cannot read scrolls while unable to breathe!
Unknown command.
You swap places.
You slip free of the water engulfing you.
You gasp with relief as air once again reaches your lungs.
Your +7 spectral giant club disappears.
The vampire mosquito closely misses you.
The vampire mosquito completely misses you.
Unknown command.
You closely miss the vampire mosquito.
The vampire mosquito is almost destroyed.
Your +7 spectral giant club hits the vampire mosquito!!
You destroy the vampire mosquito!
The centaur warrior simulacrum hits you.
* * * LOW HITPOINT WARNING * * *
The centaur warrior simulacrum freezes you!!!
You feel a terrible chill!
Xom thinks this is hilarious!
You die...
Xom snickers!

~~~~.~~.#
~≈.~.~≈.##..
~Sy~.~~.##..
~~.~.~~.##.# ##
~~.~.≈~.##.# . ..
...~.~~.##.##.# ...
~..~.~~.##..#.#..#.
~..~.~~<..E........
..........†h.$.....
.....~~~##(Z#.#.##.
...~.~~≈##$.# #
~..~.~~≈##..#
.............
........>.....
~..............
...............
..#.####.#


You could see a water elemental, a centaur warrior simulacrum and a friendly +7
spectral giant club.

Vanquished Creatures
  An eleionoma (Lair:3)
  Fannar (D:11)
  A catoblepas (Lair:5)
  4 hydras
  2 boulder beetles
  3 two-headed ogres
  3 thrashing horrors (Lair:5)
  2 ugly things (Lair:5)
  A manticore (D:12)
  A salamander (Lair:3)
  A moth of wrath (Bailey)
  3 elephants (Lair:1)
  2 large abominations (Lair:5)
  2 smoke demons (Lair:5)
  3 black mambas
  Joseph (Lair:1)
  11 cane toads
  6 komodo dragons
  A rime drake (D:10)
  2 polar bears
  2 trolls
  A troll (shapeshifter) (Lair:5)
  Grinder (D:6)
  43 blink frogs
  A hornet (Lair:3)
  15 dream sheep
  2 raiju (Lair:5)
  A shadow (D:11)
  3 spriggans
  2 wraiths
  A human (D:9)
  7 wyverns
  2 ynoxinuls (Lair:5)
  36 yaks
  8 vampire mosquitoes
  7 basilisks
  A chaos spawn (Lair:5)
  4 steam dragons
  2 nagas (Lair:3)
  Edmund (D:6)
  2 acid dragons (D:11)
  9 water moccasins
  A water moccasin (shapeshifter) (Lair:5)
  A swamp drake (Bailey)
  11 orc warriors
  A black bear (D:8)
  An ogre (D:4)
  3 centaurs
  6 small abominations (Lair:5)
  11 wolves
  2 kobold brigands
  A gnoll sergeant (D:5)
  13 bullfrogs
  3 scorpions
  4 wights (D:9)
  An electric eel (D:10)
  5 killer bees (D:11)
  8 howler monkeys
  A bombardier beetle (D:3)
  13 jellies
  6 hounds
  5 orc priests
  3 iguanas (D:6)
  3 iron imps (D:5)
  Ijyb (D:3)
  A sleepcap (D:5)
  12 orc wizards
  13 gnolls
  7 adders
  3 white imps
  An ufetubus (D:12)
  2 worms
  2 dart slugs (D:1)
  61 orcs
  12 endoplasms
  4 giant cockroaches
  9 goblins
  8 hobgoblins
  3 quokkas
  5 ball pythons
  4 bats
  9 frilled lizards
  9 kobolds
  5 rats
476 creatures vanquished.

Vanquished Creatures (collateral kills)
  Nergalle (D:10)
  Maurice (D:7)
  A naga (Lair:3)
  An orc priest (D:8)
  A gnoll bouda (D:7)
  3 gnolls (D:7)
  3 orcs
11 creatures vanquished.

Vanquished Creatures (others)
  A scorpion (Lair:2)
  2 orcs (D:8)
  2 spectral weapons
5 creatures vanquished.

Grand Total: 492 creatures vanquished

Notes
Turn   | Place    | Note
-------+----------+-------------------------------------------
     0 | D:1      | Flugkiller the Oni Chaos Knight began the quest for the
                  | Orb.
     0 | D:1      | Reached XP level 1. HP: 24/24 MP: 1/1
    81 | D:1      | Reached XP level 2. HP: 26/33 MP: 2/2
   228 | D:1      | XOM: silly message
   454 | D:1      | Reached XP level 3. HP: 39/40 MP: 3/3
   683 | D:2      | Reached skill level 5 in Fighting
   930 | D:2      | XOM: noise
   948 | D:2      | XOM: god gift: 11 gold pieces
   997 | D:2      | XOM: noise
  1005 | D:2      | Reached XP level 4. HP: 28/50 MP: 4/4
  1015 | D:2      | Reached skill level 1 in Shapeshifting
  1163 | D:2      | Found Vouryjel's Book Shoppe.
  1392 | D:2      | XOM is BORED!
  1482 | D:2      | XOM: god gift: scroll labelled RADGHI LUOWOKI {god gift}
  1574 | D:3      | XOM: cloud trail
  1650 | D:3      | XOM: polymorph adder -> frilled lizard
  1865 | D:3      | Found a white marble altar of Elyvilon.
  1964 | D:3      | Reached XP level 5. HP: 55/57 MP: 5/5
  2268 | D:3      | Found a bloodstained altar of Trog.
  2517 | D:4      | Noticed Ijyb
  2563 | D:3      | XOM: potion effect (experience)
  2563 | D:3      | Reached skill level 12 in Fighting
  2563 | D:3      | Reached XP level 6. HP: 57/83 MP: 6/6
  2577 | D:3      | Killed Ijyb
  2578 | D:3      | Reached XP level 7. HP: 41/91 MP: 7/7
  2620 | D:3      | XOM: divination: detect items
  2704 | D:3      | XOM: silly message
  2764 | D:4      | Learned a level 5 spell: Irradiate
  2791 | D:4      | XOM: silly message
  2959 | D:4      | XOM: summons 4 hostile shadow creatures
  2970 | D:5      | Entered Level 5 of the Dungeon
  3057 | D:5      | XOM: polymorph adder -> howler monkey
  3065 | D:5      | Reached skill level 1 in Spellcasting
  3110 | D:4      | XOM: 2-stop teleportation journey
  3142 | D:4      | XOM: summons 4 hostile demons
  3364 | D:3      | XOM: silly message
  3384 | D:4      | Reached skill level 1 in Alchemy
  3389 | D:4      | Reached skill level 1 in Conjurations
  3564 | D:5      | Found a burning altar of Makhleb.
  3794 | D:4      | Reached XP level 8. HP: 47/98 MP: 10/10
  3916 | D:4      | XOM: silly message
  3936 | D:5      | XOM: potion effect (curing)
  4196 | D:5      | XOM: divination: detect items
  4296 | D:5      | XOM: noise
  4307 | D:5      | XOM: smoke on damage
  4582 | D:5      | Found a snail-covered altar of Cheibriados.
  4654 | D:5      | XOM: potion effect (might)
  4658 | D:5      | XOM: confuse monster(s)
  4777 | D:5      | XOM: god gift: encrusted ivory wand {god gift}
  4803 | D:5      | Found a staircase to the Ecumenical Temple.
  4878 | D:6      | Noticed Grinder
  4879 | D:6      | XOM: confuse monster(s)
  4900 | D:6      | Paralysed by Grinder for 4 turns
  4909 | D:6      | Killed Grinder
  4913 | D:6      | XOM: god gift: scroll labelled PEJUPPOMAX {god gift}
  5015 | D:6      | Found an ornate altar of the Wu Jian Council.
  5023 | D:6      | XOM: summons 5 hostile demons
  5028 | D:6      | XOM: polymorph white imp -> cerulean imp
  5180 | D:6      | Noticed Edmund
  5190 | D:6      | Killed Edmund
  5191 | D:6      | Reached XP level 9. HP: 67/106 MP: 13/13
  5419 | D:6      | XOM: divination: detect items
  5431 | D:6      | XOM: blink monster(s)
  5433 | D:6      | XOM: potion effect (heal wounds)
  5460 | D:6      | Found a broken altar of Ashenzari.
  5488 | D:6      | Noticed a two-headed ogre
  5502 | D:6      | XOM: confuse monster(s)
  5504 | D:6      | XOM: summons friendly shadow imp
  5719 | D:6      | Killed a two-headed ogre
  5941 | D:6      | Found an ancient bone altar of Kikubaaqudgha.
  6087 | D:7      | Noticed Maurice
  6097 | D:7      | Something stole a beast talisman
  6100 | D:7      | Something stole a throwing net
  6105 | D:7      | Something stole 243 gold
  6131 | D:7      | Something stole 73 gold
  6134 | D:7      | Killed Maurice
  6339 | D:7      | Found a shimmering altar of Xom.
  6399 | D:7      | Found a shadowy altar of Dithmenos.
  6441 | D:7      | Noticed a komodo dragon
  6447 | D:7      | XOM: divination: detect items
  6453 | D:7      | Killed a komodo dragon
  6454 | D:7      | Reached XP level 10. HP: 16/115 MP: 15/17
  6572 | D:7      | XOM: give mutations
  6572 | D:7      | Gained mutation: Armour fits poorly on your strangely
                  | shaped body. [Xom's mischief]
  6572 | D:7      | Gained mutation: You have sharp toenails. [Xom's mischief]
  6572 | D:7      | Gained mutation: Your natural rate of healing is unusually
                  | fast. [Xom's mischief]
  6572 | D:7      | Lost mutation: You have sharp toenails. [Xom's mischief]
  6619 | D:7      | XOM: god gift: large rock
  6689 | D:7      | XOM: give mutations
  6689 | D:7      | Lost mutation: Armour fits poorly on your strangely shaped
                  | body. [Xom's mischief]
  6689 | D:7      | Gained mutation: You are robust. (+10% HP) [Xom's mischief]
  6795 | D:8      | Found Luokydisk's Antique Weapon Emporium.
  6838 | D:8      | Found a glowing silver altar of Zin.
  6881 | D:8      | Found a hazy altar of Hepliaklqana.
  6881 | D:8      | Found a sparkling altar of Nemelex Xobeh.
  6881 | D:8      | Found a sacrificial altar of Ru.
  6881 | D:8      | Found an opulent altar of Gozag.
  6905 | D:8      | Reached skill level 5 in Shapeshifting
  6922 | D:8      | Found a flagged portal.
  6943 | Bailey   | Entered a bailey
  7013 | Bailey   | XOM: confusion
  7040 | Bailey   | XOM: summons friendly ufetubus
  7050 | Bailey   | Reached skill level 5 in Spellcasting
  7142 | Bailey   | Noticed an orc knight
  7142 | Bailey   | XOM: 2-stop teleportation journey
  7346 | Bailey   | Identified the +3 plate armour of Otaoj {Fly rCorr Dex+5
                  | Stlth-}
  7390 | Bailey   | XOM: divination: detect items
  7392 | Bailey   | an orc knight changed into a moth of wrath
  7392 | Bailey   | Noticed a moth of wrath
  7397 | Bailey   | Killed a moth of wrath
  7429 | Bailey   | XOM: potion effect (haste)
  7432 | Bailey   | XOM: divination: detect creatures
  7444 | Bailey   | Identified the +4 kite shield of Narrow Brilliance {rN+
                  | rCorr Str+4 Int-3}
  7453 | Bailey   | XOM: give mutations
  7453 | Bailey   | Lost mutation: Your natural rate of healing is unusually
                  | fast. [Xom's mischief]
  7453 | Bailey   | Lost mutation: You are robust. (+10% HP) [Xom's mischief]
  7453 | Bailey   | Gained mutation: Your spells are a little easier to cast,
                  | but a little less powerful. [Xom's mischief]
  7679 | D:8      | XOM: cast spell 'Summon Dragon'
  7901 | D:8      | Noticed Vorhees's ghost (novice OnGl)
  7911 | D:8      | Found a runed translucent door.
  7939 | D:8      | Found Uhomp's Magic Scroll Shoppe.
  7945 | D:8      | Bought a scroll of enchant armour for 90 gold pieces
  7945 | D:8      | Bought a scroll of enchant armour for 90 gold pieces
  7945 | D:8      | Bought a scroll of fear for 48 gold pieces
  7945 | D:8      | Bought a scroll of teleportation for 36 gold pieces
  7961 | D:8      | Found a stormy altar of Qazlal.
  8382 | D:9      | XOM: scenery: summon butterflies
  8531 | D:9      | Identified the +3 war axe of Loricydd {spect, +Blink rC+}
  8570 | D:9      | XOM: smoke on damage
  8793 | D:9      | Noticed Erolcha
  8839 | D:9      | Erolcha changed into Erolcha the human
  8839 | D:9      | Noticed Erolcha
  8847 | D:9      | Killed Erolcha the human
  9052 | D:9      | Found a glowing golden altar of the Shining One.
  9055 | D:9      | XOM: cast spell 'Olgreb's Toxic Radiance'
  9324 | D:8      | Identified the +2 kite shield of Disotroh {Fly rC++} (Xom
                  | gifted it to you on level 8 of the Dungeon)
  9324 | D:8      | XOM: god gift: +2 kite shield of Disotroh {Fly rC++}
  9334 | D:9      | XOM is BORED!
  9334 | D:9      | XOM: torment (65/115 hp)
  9373 | D:9      | Reached XP level 11. HP: 75/124 MP: 19/19
  9513 | D:10     | Entered Level 10 of the Dungeon
  9600 | D:10     | XOM: god gift: wand of digging (4)
  9641 | D:10     | XOM: 7-stop teleportation journey
  9661 | D:10     | Found a staircase to the Lair.
  9839 | D:10     | Reached skill level 5 in Alchemy
  9844 | D:10     | Reached skill level 5 in Conjurations
  9865 | D:10     | XOM: god gift: 4 stones
  9911 | D:10     | XOM: god gift: 49 gold pieces
 10070 | D:10     | Found Ruenn's Antique Weapon Emporium.
 10070 | D:10     | XOM: scenery: create altars
 10106 | D:10     | XOM: scenery: summon butterflies
 10112 | D:10     | XOM: confuse monster(s)
 10242 | D:10     | XOM: scenery: create altars
 10408 | D:10     | Noticed a two-headed ogre
 10424 | D:10     | Reached skill level 13 in Fighting
 10435 | D:10     | XOM: swap monsters
 10462 | D:10     | Killed a two-headed ogre
 10547 | D:10     | XOM: summons 6 hostile demons
 10743 | D:10     | Noticed Urug
 10746 | D:10     | Urug changed into Urug the cane toad
 10746 | D:10     | Noticed Urug
 10748 | D:10     | XOM: enchant monster (good)
 10762 | D:10     | Killed Urug the cane toad
 10782 | D:10     | Noticed Nergalle
 11039 | D:10     | Killed Nergalle
 11130 | D:10     | XOM: give mutations
 11130 | D:10     | Gained mutation: You are partially covered in iridescent
                  | scales. (AC +2) [Xom's mischief]
 11130 | D:10     | Gained mutation: You have hidden genetic defects. [Xom's
                  | mischief]
 11414 | D:11     | XOM: cloud trail
 11592 | D:11     | Noticed Fannar
 11602 | D:11     | XOM: enchant monster (good)
 11610 | D:11     | Killed Fannar
 11611 | D:11     | Reached skill level 1 in Maces & Flails
 11779 | D:11     | Noticed a two-headed ogre
 11789 | D:11     | XOM: noise
 11794 | D:11     | Killed a two-headed ogre
 11989 | D:11     | Gained mutation: You occasionally shout uncontrollably at
                  | your foes. [hidden defects]
 12178 | D:11     | XOM: give mutations
 12178 | D:11     | Gained mutation: You have terrible hidden genetic defects.
                  | [Xom's mischief]
 12178 | D:11     | Gained mutation: Armour fits poorly on your strangely
                  | shaped body. [Xom's mischief]
 12203 | D:11     | XOM: polymorph killer bee -> hobgoblin
 12221 | D:11     | Reached XP level 12. HP: 103/136 MP: 20/20
 12222 | D:11     | XOM: divination: detect creatures
 12490 | D:11     | XOM: 1-stop teleportation journey
 12722 | D:11     | XOM: summons 1 hostile demon
 13049 | Lair:1   | Entered Level 1 of the Lair of Beasts
 13200 | D:10     | XOM: summons friendly crimson imp
 13364 | D:10     | XOM: give mutations
 13364 | D:10     | Lost mutation: Your spells are a little easier to cast, but
                  | a little less powerful. [Xom's mischief]
 13364 | D:10     | Gained mutation: You are dopey. (Int -2) [Xom's mischief]
 13364 | D:10     | Gained mutation: You possess an exceptional clarity of
                  | mind. [Xom's mischief]
 13364 | D:10     | Lost mutation: You have terrible hidden genetic defects.
                  | [Xom's mischief]
 13631 | D:10     | XOM: god gift: knobbly emerald ring {god gift}
 13707 | D:10     | XOM: divination: detect items
 13717 | D:10     | XOM: smoke on damage
 13726 | D:10     | Gained mutation: You occasionally lose the ability to drink
                  | potions when taking damage. [hidden defects]
 13726 | D:10     | Lost mutation: You have hidden genetic defects. [hidden
                  | defects expressed]
 13974 | Lair:1   | Reached skill level 5 in Maces & Flails
 14225 | Lair:1   | XOM: silly message
 14292 | Lair:1   | XOM: 1-stop teleportation journey
 14294 | Lair:1   | XOM: scenery: 1 fountains blood, 2 doors open
 14311 | Lair:1   | XOM: summons friendly crimson imp
 14328 | Lair:1   | XOM: summons 3 hostile shadow creatures
 14330 | Lair:1   | XOM: noise
 14331 | Lair:1   | XOM: enchant monster (bad)
 14339 | Lair:1   | XOM: polymorph water moccasin -> adder
 14359 | Lair:1   | XOM: enchant monster (bad)
 14386 | Lair:1   | XOM: repel stairs
 14674 | Lair:1   | Noticed Joseph
 14683 | Lair:1   | Killed Joseph
 14802 | Lair:1   | Noticed a boulder beetle
 14805 | Lair:1   | XOM: chaos cloud
 14808 | Lair:1   | Killed a boulder beetle
 15218 | Lair:1   | XOM is BORED!
 15218 | Lair:1   | XOM: silly message
 15887 | Lair:2   | XOM: divination: detect items
 16001 | Lair:2   | XOM: divination: magic mapping
 16014 | Lair:2   | XOM: divination: detect items
 16022 | Lair:2   | XOM: divination: magic mapping
 16027 | Lair:2   | XOM: cast spell 'Summon Small Mammal'
 16028 | Lair:2   | XOM: noise
 16031 | Lair:2   | Reached skill level 10 in Maces & Flails
 16110 | Lair:2   | Reached XP level 13. HP: 112/144 MP: 21/21
 16163 | Lair:2   | XOM: summons 4 friendly demons
 16167 | Lair:2   | XOM: potion effect (magic)
 16169 | Lair:2   | HP: 4/144 [blink frog (13)]
 16171 | Lair:2   | XOM: potion effect (invisibility)
 16180 | Lair:2   | HP: 2/144 [blink frog (7)]
 16250 | Lair:2   | XOM: silly message
 16283 | Lair:2   | XOM: divination: detect creatures
 16633 | Lair:2   | XOM: confuse monster(s)
 16995 | Lair:2   | XOM: god gift: 21 gold pieces
 17057 | Lair:3   | Found a staircase to the Swamp.
 17057 | Lair:3   | Noticed an eleionoma
 17059 | Lair:3   | XOM: summons 3 friendly demons
 17061 | Lair:3   | Killed an eleionoma
 17136 | Lair:3   | XOM: confuse monster(s)
 17177 | Lair:3   | XOM: 7-stop teleportation journey
 17337 | Lair:2   | XOM: god gift: glowing dire flail {god gift}
 17808 | Lair:3   | Found a staircase to the Snake Pit.
 17853 | Lair:3   | XOM: scenery: create altars
 17858 | Lair:3   | XOM: summons friendly iron imp
 17869 | Lair:3   | XOM: give mutations
 17869 | Lair:3   | Lost mutation: You possess an exceptional clarity of mind.
                  | [Xom's mischief]
 17869 | Lair:3   | Lost mutation: You are partially covered in iridescent
                  | scales. (AC +2) [Xom's mischief]
 17869 | Lair:3   | Gained mutation: You have hidden genetic defects. [Xom's
                  | mischief]
 17869 | Lair:3   | Gained mutation: You are agile. (Dex +4, Str/Int -1) [Xom's
                  | mischief]
 17976 | Lair:3   | XOM: silly message
 18180 | Lair:4   | XOM: silly message
 18198 | Lair:4   | XOM: noise
 18290 | Lair:4   | XOM: summons friendly quasit
 18299 | Lair:4   | XOM: 7-stop teleportation journey
 18866 | Lair:4   | XOM: summons 3 hostile shadow creatures
 18994 | Lair:3   | XOM: give mutation
 18994 | Lair:3   | Lost mutation: You are dopey. (Int -2) [Xom's mischief]
 19058 | Lair:4   | Found a staircase to the Slime Pits.
 19058 | Lair:4   | Found a viscous altar of Jiyva.
 19063 | Lair:4   | XOM: chaos cloud
 19272 | Lair:5   | Entered Level 5 of the Lair of Beasts
 19280 | Lair:5   | XOM: summons 7 hostile demons
 19308 | Lair:5   | Reached XP level 14. HP: 104/153 MP: 22/22
 19322 | Lair:5   | Gained mutation: You sometimes lose your temper in combat.
                  | [hidden defects]
 19393 | Lair:5   | XOM: noise
 19433 | Lair:5   | Reached skill level 10 in Alchemy
 19435 | Lair:5   | Reached skill level 10 in Conjurations
 19701 | Lair:5   | Reached skill level 14 in Fighting
 20024 | Lair:5   | XOM: swap monsters
 20076 | Lair:5   | XOM: noise
 20090 | Lair:5   | Gained mutation: Your body sometimes deteriorates upon
                  | taking damage. [hidden defects]
 20090 | Lair:5   | Lost mutation: You have hidden genetic defects. [hidden
                  | defects expressed]
 20392 | Lair:5   | XOM: enchant monster (good)
 20601 | Lair:5   | XOM: fog
 20606 | Lair:5   | XOM: enchant monster (bad)
 20755 | Lair:5   | XOM: confusion (+ monsters)
 21131 | Lair:5   | Reached skill level 1 in Armour
 21149 | Lair:5   | XOM: blink monster(s)
 21172 | Lair:5   | XOM: god gift: scroll of fog
 21346 | Lair:5   | Found a corrupted altar of Lugonu.
 21346 | Lair:5   | Found a one-way gate to the infinite horrors of the Abyss.
 21405 | Lair:5   | XOM: summons 8 hostile demons
 21772 | D:12     | Found a staircase to the Orcish Mines.
 21788 | D:12     | Mangled by a centaur warrior simulacrum

Illustrated notes

Levels and vault maps discovered:
D:1:      lordsloth_arrival_two_stooges, layout_loops_ring, minmay_pentomino_z2
D:2:      layout_basic, serial_shops, shop
D:3:      layout_basic, mainiacjoe_overflow_catch_the_wave
D:4:      layout_loops_ring, uniq_ijyb
D:5:      layout_rooms, demons_altar, slow_altar_1,
          minmay_temple_entry_nine_rooms
D:6:      nicolae_BIG_FREAKIN_CUBE, layout_cave_pools,
          cheibrodos_ashenzari_chains, mainiacjoe_overflow_brackets,
          lemuel_round_altar, chequers_serial_rivers_micro_e, uniq_grinder,
          uniq_edmund
D:7:      layout_cave_pools, nicolae_overflow_hidden_temple,
          mainiacjoe_overflow_alcove_2, uniq_maurice
D:8:      layout_cave_pools, kennysheep_mini,
          chequers_temple_overflow_statue_of_worship, overflow_temple_1_default,
          enter_bailey_3, hellmonk_ghost_big_iron, serial_shops, shop, shop,
          minivault_1
D:9:      layout_basic, tso_altar, uniq_erolcha
D:10:     layout_long_grid, lair_entry_dummy, serial_shops, nicolae_shop_stone,
          serial_bayou_lagoon_a, minmay_fractal_squares_diagonal_5,
          uniq_nergalle, uniq_urug
D:11:     layout_cave_pods, uniq_fannar
D:12:     layout_basic, orc_0_dummy, serial_ice, serial_ice_e, serial_ice_f,
          serial_ice_a, serial_ice_k, serial_ice_n, serial_ice_b, serial_ice_h,
          serial_ice_d, serial_ice_m, serial_ice_g, uniq_azrael
Lair:1:   layout_cave_pods, grunt_megastairs_1, uniq_joseph
Lair:2:   layout_hall_layers
Lair:3:   layout_long_grid, alex1729_swamp_entry_worm_eleionoma,
          alex1729_snake_entry_snake, grunt_forest_large_clearings
Lair:4:   layout_cave_pods, minmay_slime_entry_jelly_boxes
Lair:5:   hellmonk_lair_end_abyssal_woods, layout_regular_city

Skill      XL: |  1  2  3  4  5  6  7  8  9 10 11 12 13 14 |
---------------+-------------------------------------------+-----
Unarmed Combat | 3 4 8 |  8.9
Fighting       | 5 12 13 14 | 14.7
Shapeshifting  | 1 2 3 4 7 |  7.0
Spellcasting   | 1 3 4 5 |  5.4
Alchemy        | 1 2 3 4 6 7 9 10 | 10.0
Conjurations   | 1 2 3 4 6 7 9 10 | 10.0
Maces & Flails | 2 10 11 | 11.0
Armour         | 3 |  3.6
Dodging        | |  2.2

Action                     |  1- 3 |  4- 6 |  7- 9 | 10-12 | 13-15 || total
---------------------------+-------+-------+-------+-------+-------++-------
  Melee: Unarmed           |   119 |    81 |   279 |   387 |       ||   866
         Headbutt          |    21 |    10 |    41 |   108 |    64 ||   244
         Punch             |     1 |       |    12 |    10 |       ||    23
         Giant club        |       |       |       |   110 |   333 ||   443
   Cast: Irradiate         |       |       |       |     7 |     9 ||    16
  Evoke: Wand              |       |       |       |    24 |     3 ||    27
         Condenser vane    |       |       |       |     1 |       ||     1
    Use: Scroll            |       |     1 |     9 |    12 |     5 ||    27
         Potion            |       |       |     2 |     3 |    10 ||    15
   Stab: Sleeping          |     1 |     1 |       |       |       ||     2
         Petrified         |       |       |       |     5 |       ||     5
         Confused          |       |       |       |     3 |       ||     3
         Distracted        |       |       |       |       |     4 ||     4
 Armour: Robe              |    67 |    41 |   271 |     8 |       ||   387
         Skin              |       |     3 |    14 |       |       ||    17
         Fire dragon scale |       |       |       |   172 |    52 ||   224
         Steam dragon scal |       |       |       |   307 |   200 ||   507
  Dodge: Dodged            |    47 |    34 |   150 |   274 |   415 ||   920
  Block: Kite shield       |       |       |       |   134 |       ||   134
   Form: Beast             |     2 |       |       |       |       ||     2
                           |     1 |       |       |       |       ||     1

Table legend: (Time is in decaauts)
 A = Elapsed time spent in this place.
 B = Non-inter-level travel time spent in this place.
 C = Inter-level travel time spent in this place.
 D = Time resting spent in this place.
 E = Time spent auto-exploring this place.
 F = Levels seen in this place.
 G = Mean time per level.
                   A        B        C        D        E       F      G
               +--------+--------+--------+--------+--------+-----+--------+
         Total |  21807 |  20862 |    945 |   8120 |   8757 |  18 | 1211.5 |
       Dungeon |  13627 |  12936 |    691 |   5098 |   5431 |  12 | 1135.6 |
          Lair |   7506 |   7253 |    253 |   2655 |   3208 |   5 | 1501.2 |
        Bailey |    672 |    672 |      0 |    366 |    118 |   1 |  672.0 |
               +--------+--------+--------+--------+--------+-----+--------+

Top non-repeatable levels by time:
    D:10: 2980 daAuts
  Lair:5: 2103 daAuts
  Lair:1: 1611 daAuts
  Lair:4: 1429 daAuts
    D:11: 1417 daAuts
     D:9: 1398 daAuts
     D:3: 1372 daAuts
     D:4: 1361 daAuts
  Lair:2: 1355 daAuts
  Lair:3: 1006 daAuts
     D:6: 974 daAuts
     D:5: 950 daAuts
     D:8: 935 daAuts
     D:7: 826 daAuts
     D:2: 764 daAuts
